 Dungeon Sprint DCSS version 0.21.1-1-g345015f (webtiles) character file.

10400000 Fang the Axe Maniac (level 27, -36/273 HPs)
             Began as a Minotaur Gladiator on May 9, 2018.
             Was the Champion of Makhleb.
             Killed from afar by The Defiler (75 damage)
             ... with a fireball
             ... in the Dungeon (Sprint VIII: "Arena of Blood").
             The game lasted 00:01:32 (104 turns).

Fang the Axe Maniac (Minotaur Gladiator)             Turns: 104, Time: 00:01:32

Health: -36/273    AC:  6    Str: 29    XL:     27
Magic:  37/53      EV: 32    Int:  5    God:    Makhleb [******]
Gold:   0          SH:  0    Dex: 15    Spells: 80/80 levels left

rFire    . . .     SeeInvis .   l - +∞ Axe of Woe
rCold    . . .     Gourm    .   (shield currently unavailable)
rNeg     . . .     Faith    .   b - +0 leather armour
rPois    .         Spirit   .   c - +0 hat
rElec    .         Reflect  .   (no cloak)
rCorr    .         Harm     .   (no gloves)
MR       ++...     NoTele   +   (no boots)
Stlth    +++++++++.             (no amulet)
HPRegen  0.55/turn              (no ring)
MPRegen  0.33/turn              (no ring)

@: no status effects
A: retaliatory headbutt, horns 2
a: Minor Destruction, Lesser Servant of Makhleb, Major Destruction, Greater
Servant of Makhleb, Renounce Religion


You were in the Dungeon.
You worshipped Makhleb.
Makhleb was exalted by your worship.
You were not hungry.

You visited 1 branch

Inventory:

Hand Weapons
 a - a +0 war axe
 l - the +∞ Axe of Woe (weapon)
   (You found it in the Dungeon)
Missiles
 d - 3 throwing nets (quivered)
Armour
 b - a +0 leather armour (worn)
 c - a +0 hat (worn)
Scrolls
 k - a scroll of blinking
Potions
 e - a potion of curing
 g - a potion of heal wounds
 h - a potion of haste
 i - 2 potions of magic
 j - a potion of berserk rage
Comestibles
 f - a ration


   Skills:
 O Level 27 Fighting
 O Level 27 Axes
 O Level 27 Throwing
 O Level 27 Armour
 O Level 27 Dodging
 O Level 27 Stealth
 O Level 27 Unarmed Combat
 O Level 27 Spellcasting
 O Level 27 Invocations


You had 80 spell levels left.
You didn't know any spells.

Dungeon Overview and Level Annotations

Branches:
Dungeon (1/1)

Altars:
Makhleb

Annotations:
D The Defiler


Innate Abilities, Weirdness & Mutations

You reflexively headbutt those who attack you in melee.
You have a pair of horns on your head.


Message History

4 orcs come into view.
The bag of meat shouts!
You hear a shout! x3
Something closely misses you.
You hear a shout! x2
The dread calls on the powers of darkness!
The bag of meat convulses!
The meat berserker convulses! x3
Your body is wracked with pain!
* * * LOW HITPOINT WARNING * * *
You hear a shout!
You feel something staring at you. Something smites you!
* * * LOW HITPOINT WARNING * * *
The bag of meat moves out of view. x2
You hear a shout!
The accursed points at you and mumbles some strange words.
Something smites you!
* * * LOW HITPOINT WARNING * * *
You hear a shout!
The Defiler throws fire at you.
The fireball explodes!
The fireball engulfs you!
You die...

#O)..)#...W...
.O#_.<._#.oWO...
.o#...))#...M..#
..o.._))).......
......###MO).§....
..###.%..))O###..L.
. #....)O)# .....
.#.....xX#§.....
.......@§{§o.M..
...%%.....§.o#X.
......%....%#o..
..%.......##.@O.
#........#O ...o
.....%...#.W ###
#.#........zo
............o.


You could see 2 accurseds, a tyrant, a sculptor of flesh, a large bag of meat
(inner flame), 2 large abominations, The Defiler, 2 dreads, 5 meat berserkers, 8
bags of meat and a crawling corpse.

Vanquished Creatures
  Sigmund (D)
  6 hell beasts (D)
  4 wraiths (D)
  15 vampire knights (D)
  31 ogres (D)
  4 two-headed ogres (D)
  5 liches (D)
  2 hydras (D)
  54 orcs (D)
  A phantom (D)
  2 skeletal warriors (D)
  A large abomination (D)
  8 small abominations (D)
  4 crawling corpses (D)
138 creatures vanquished.

Vanquished Creatures (others)
  2 crawling corpses (D)
2 creatures vanquished.

Grand Total: 140 creatures vanquished

Notes
Turn   | Place    | Note
-------+----------+-------------------------------------------
     0 | D        | Found the +∞ Axe of Woe
     0 | D        | Fang the Minotaur Gladiator began the quest for the Orb.
     0 | D        | Reached XP level 1. HP: 18/18 MP: 0/0
     3 | D        | Noticed a bag of meat
     3 | D        | Noticed a meat berserker
     4 | D        | Became a worshipper of Makhleb the Destroyer
     5 | D        | Noticed a bag of meat
     6 | D        | Killed a meat berserker
     6 | D        | Reached XP level 2. HP: 45/45 MP: 1/1
     6 | D        | Reached XP level 3. HP: 51/51 MP: 2/2
     6 | D        | Reached XP level 4. HP: 59/59 MP: 3/3
     6 | D        | Reached XP level 5. HP: 66/66 MP: 4/4
     6 | D        | Reached XP level 6. HP: 73/73 MP: 5/5
     6 | D        | Reached XP level 7. HP: 80/80 MP: 6/6
     6 | D        | Reached XP level 8. HP: 88/88 MP: 7/7
     6 | D        | Reached XP level 9. HP: 94/94 MP: 8/8
     6 | D        | Reached XP level 10. HP: 102/102 MP: 9/9
     6 | D        | Reached XP level 11. HP: 108/108 MP: 10/10
     6 | D        | Reached XP level 12. HP: 116/116 MP: 11/11
     6 | D        | Reached XP level 13. HP: 123/123 MP: 12/12
     7 | D        | Noticed a bag of meat
     8 | D        | Noticed a bag of meat
    10 | D        | Killed a bag of meat
    10 | D        | Reached * piety under Makhleb
    10 | D        | Reached skill level 15 in Fighting
    11 | D        | Noticed a bag of meat
    12 | D        | Killed a bag of meat
    12 | D        | Reached skill level 27 in Axes
    12 | D        | Reached XP level 14. HP: 92/138 MP: 13/13
    13 | D        | Noticed a meat berserker
    15 | D        | Noticed a meat berserker
    15 | D        | Noticed a bag of meat
    15 | D        | Killed a meat berserker
    15 | D        | Reached skill level 15 in Throwing
    15 | D        | Reached skill level 27 in Dodging
    15 | D        | Reached XP level 15. HP: 19/157 MP: 14/14
    15 | D        | Reached ** piety under Makhleb
    15 | D        | Reached skill level 5 in Armour
    18 | D        | Noticed a meat berserker
    19 | D        | Reached skill level 27 in Fighting
    19 | D        | Reached XP level 16. HP: 145/183 MP: 15/15
    21 | D        | Noticed a meat berserker
    21 | D        | Killed a meat berserker
    21 | D        | Reached *** piety under Makhleb
    21 | D        | Reached skill level 27 in Throwing
    21 | D        | Reached XP level 17. HP: 191/191 MP: 16/16
    23 | D        | Noticed a meat berserker
    23 | D        | Noticed a meat berserker
    23 | D        | Killed a meat berserker
    23 | D        | Reached **** piety under Makhleb
    23 | D        | Reached skill level 15 in Stealth
    23 | D        | Reached XP level 18. HP: 126/200 MP: 17/17
    24 | D        | Noticed a large bag of meat
    24 | D        | Noticed a large bag of meat
    24 | D        | Noticed a destroyer
    25 | D        | Reached skill level 27 in Armour
    25 | D        | Reached ***** piety under Makhleb
    25 | D        | Killed a meat berserker
    25 | D        | Reached skill level 27 in Stealth
    25 | D        | Reached XP level 19. HP: 207/207 MP: 18/18
    26 | D        | Killed a destroyer
    27 | D        | Killed a meat berserker
    27 | D        | Reached skill level 15 in Spellcasting
    27 | D        | Reached XP level 20. HP: 216/216 MP: 18/38
    28 | D        | Noticed a large bag of meat
    28 | D        | Killed a meat berserker
    28 | D        | Reached ****** piety under Makhleb
    29 | D        | Noticed a meat berserker
    30 | D        | Noticed a destroyer
    30 | D        | Noticed a meat berserker
    30 | D        | Reached skill level 27 in Unarmed Combat
    30 | D        | Reached XP level 21. HP: 224/224 MP: 18/43
    31 | D        | Noticed a destroyer
    31 | D        | Noticed a destroyer
    31 | D        | Noticed a destroyer
    32 | D        | Killed a large bag of meat
    32 | D        | Reached skill level 27 in Invocations
    33 | D        | Noticed a destroyer
    33 | D        | Noticed a destroyer
    33 | D        | Reached XP level 22. HP: 233/233 MP: 19/51
    34 | D        | Reached skill level 27 in Spellcasting
    34 | D        | Killed a destroyer
    37 | D        | Reached XP level 23. HP: 172/240 MP: 20/53
    38 | D        | Noticed a destroyer
    38 | D        | Killed a large bag of meat
    41 | D        | Noticed a destroyer
    41 | D        | Killed a destroyer
    41 | D        | Killed a destroyer
    41 | D        | Reached XP level 24. HP: 249/249 MP: 21/53
    42 | D        | Killed a destroyer
    43 | D        | Killed a destroyer
    43 | D        | Reached XP level 25. HP: 257/257 MP: 21/53
    44 | D        | Noticed a destroyer
    46 | D        | Noticed a tyrant
    46 | D        | Noticed a large bag of meat
    47 | D        | Killed a destroyer
    47 | D        | Reached XP level 26. HP: 266/266 MP: 22/53
    50 | D        | Killed a destroyer
    51 | D        | Killed a destroyer
    51 | D        | Reached XP level 27. HP: 273/273 MP: 23/53
    52 | D        | Noticed a tyrant
    53 | D        | Noticed a destroyer
    53 | D        | Killed a tyrant
    55 | D        | Noticed a destroyer
    55 | D        | Killed a destroyer
    56 | D        | Killed a tyrant
    57 | D        | Noticed a destroyer
    59 | D        | Killed a destroyer
    59 | D        | Killed a large bag of meat
    60 | D        | Killed a destroyer
    61 | D        | Noticed The Captor
    61 | D        | Killed a destroyer
    62 | D        | Killed The Captor
    63 | D        | Noticed a tyrant
    64 | D        | Noticed a destroyer
    64 | D        | Noticed a meat beast
    65 | D        | Noticed a destroyer
    67 | D        | Noticed a meat beast
    67 | D        | Killed a destroyer
    68 | D        | Killed a meat beast
    69 | D        | Noticed a dread
    71 | D        | Noticed a meat beast
    71 | D        | Killed a meat beast
    72 | D        | Noticed a dread
    72 | D        | Killed a dread
    74 | D        | Noticed a meat beast
    75 | D        | Noticed a meat beast
    75 | D        | Killed a meat beast
    78 | D        | Noticed a tyrant
    78 | D        | Killed a meat beast
    79 | D        | Killed a destroyer
    79 | D        | Killed a dread
    81 | D        | Noticed a dread
    81 | D        | Killed a tyrant
    82 | D        | Killed a meat beast
    85 | D        | Noticed a tyrant
    85 | D        | Noticed a dread
    85 | D        | Noticed a large bag of meat
    86 | D        | HP: 6/273 [bag of meat/+9 war axe (38)]
    89 | D        | Killed a dread
    91 | D        | Noticed a meat beast
    92 | D        | Killed a tyrant
    94 | D        | Killed a tyrant
    94 | D        | Killed a meat beast
    95 | D        | Noticed a dread
    95 | D        | Noticed a dread
    95 | D        | Noticed an accursed
    96 | D        | Killed a dread
    99 | D        | Noticed an accursed
    99 | D        | Noticed The Defiler
   102 | D        | Killed a large bag of meat
   103 | D        | Noticed a large bag of meat
   103 | D        | Noticed a tyrant
   104 | D        | Killed from afar by The Defiler

Skill      XL: |  1  2  3  4  5  6  7  8  9 10 11 12 13 14 15 16 17 18 19 20 21 22 |
---------------+-------------------------------------------------------------------+-----
Fighting       | 13 16 20 27 | 27.0
Axes           | 23 27 | 27.0
Throwing       | 11 13 15 21 27 | 27.0
Dodging        | 21 24 27 | 27.0
Armour         | 4 7 17 26 27 | 27.0
Stealth        | 18 27 | 27.0
Unarmed Combat | 22 27 | 27.0
Spellcasting   | 15 19 26 27 | 27.0
Invocations    | 20 25 27 | 27.0

Action                   |  1- 3 |  4- 6 |  7- 9 | 10-12 | 13-15 | 16-18 | 19-21 | 22-24 | 25-27 || total
-------------------------+-------+-------+-------+-------+-------+-------+-------+-------+-------++-------
Melee: Executioner's axe |     1 |       |       |       |     5 |     3 |     6 |     8 |    47 ||    70
Dodge: Dodged            |       |       |       |       |       |       |     2 |       |     7 ||     9
